[Event "Emanuel Lasker Open 2017"]
[Site "Gorzow"]
[Date "2017.06.19"]
[Round "8"]
[White "Lukasiewicz, Krzysztof"]
[Black "Jankowiak, Tomasz"]
[Result "1-0"]
[ECO "B87"]
[WhiteElo "2098"]
[BlackElo "1903"]
[Annotator "NA RC"]
[PlyCount "83"]
[EventDate "2017.??.??"]
[EventType "swiss"]
[EventCountry "POL"]
[SourceTitle "playchess.com"]
[Source "ChessBase"]
[SourceQuality "1"]
[TimeControl "40/5400+30:1800+30"]

1. e4 c5 2. Nf3 d6 3. d4 cxd4 4. Nxd4 Nf6 5. Nc3 a6 6. Bc4 e6 7. Bb3 b5 8. O-O Be7 9. Qf3 Qc7 10. Qg3 O-O 11. Bh6 Ne8 12. Rad1 Bd7 13. Nf3 Nc6 {[%emt 0:00:48] B87: Sicilian Scheveningen/Najdorf: 6 Bc4, with early ...b5} 14. Bf4 Qb7 15. Rfe1 b4 16. Ne2 {[%emt 0:03:30] [#]} a5 $146 ({Predecessor:} 16... e5 17. Bg5 Be6 18. Nh4 Na5 19. Bd5 Bxd5 20. Rxd5 Bxg5 21. Qxg5 {½-½ (38) Kasparov,G (2805)-Gelfand,B (2680) Moscow 1994}) 17. Bg5 Bxg5 18. Qxg5 a4 19. Bc4 Qc7 20. Nf4 Nf6 21. Bf1 Rfd8 22. Nh5 Nxh5 23. Qxh5 Be8 24. Qh4 Ne5 25. Nd4 Nc4 26. Rd3 Nxb2 {[%emt 0:12:00] [#]} (26... Qc5 $15) 27. Rh3 $1 h6 {[%emt 0:00:02] [#]} 28. Ree3 $1 Qc5 $1 29. e5 Kf8 $1 ({Avoid the trap} 29... dxe5 $2 30. Reg3 $18) 30. Qf4 Qd5 31. exd6 Rxd6 {[%emt 0:00:01] [#]} 32. Nxe6+ $1 Rxe6 33. Rxe6 Qxe6 34. Qxb4+ Kg8 35. Qxb2 Bc6 36. Rg3 g6 37. Qc3 Re8 38. h4 h5 39. Qc5 Qd5 40. Rxg6+ fxg6 41. Bc4 Re5 42. Qxc6 $18 1-0

[Event "Emanuel Lasker Open 2017"]
[Site "Gorzow"]
[Date "2017.06.19"]
[Round "8"]
[White "Knapik, Julia"]
[Black "Chyzy, Jakub"]
[Result "0-1"]
[ECO "C91"]
[WhiteElo "1627"]
[BlackElo "1838"]
[Annotator "NA RC"]
[PlyCount "64"]
[EventDate "2017.??.??"]
[EventType "swiss"]
[EventCountry "POL"]
[SourceTitle "playchess.com"]
[Source "ChessBase"]
[SourceQuality "1"]
[TimeControl "40/5400+30:1800+30"]

1. e4 e5 2. Nf3 Nc6 3. Bb5 a6 4. Ba4 Nf6 5. O-O Be7 6. Re1 b5 7. Bb3 d6 8. c3 O-O 9. d4 Bg4 10. Be3 exd4 11. cxd4 Na5 12. Bc2 Nc4 13. Bc1 c5 14. b3 Nb6 15. d5 Nfd7 16. Qd3 Bxf3 17. Qxf3 Bf6 18. Nc3 b4 19. e5 Nxe5 20. Qh3 Ng6 21. Bxg6 fxg6 22. Ne4 Bxa1 23. Ng5 h6 24. Qe6+ Kh8 25. Qxg6 hxg5 26. Re3 Bf6 27. Qf5 Qd7 28. Rh3+ Kg8 29. Qh7+ Kf7 30. Qh5+ Ke7 31. Bxg5 Kd8 32. Bxf6+ Rxf6 0-1